 Dungeon Crawl Stone Soup version 0.28.0-53-g5a82cb258f (webtiles) character file.

Game seed: 8710015263192369091

2410 Plasmagod the Magician (level 9, -2/52 HPs)
             Began as a Djinni Fire Elementalist on July 9, 2022.
             Was an Elder of Hepliaklqana.
             Slain by a wyvern (9 damage)
             ... while petrified by a basilisk
             ... on level 8 of the Dungeon on July 10, 2022.
             The game lasted 00:54:13 (7376 turns).

Plasmagod the Magician (Djinni Fire Elementalist)   Turns: 7376, Time: 00:54:13

Health: -2/52      AC:  2    Str: 10    XL:     9   Next: 75%
Gold:   354        EV:  2    Int: 29    God:    Hepliaklqana [****..] SH:  0 Dex: 14

rFire   + + .      SeeInvis .   l - +8 long sword of the New World {antimagic, rPois Str+3 Int+2}
rCold   . . .      Faith    .   (no shield)
rNeg    + + +      Spirit   .   a - +0 robe
rPois   ∞          Reflect  .   (no helmet)
rElec   .          Harm     .   (no cloak)
rCorr   .          Rampage  .   (no gloves)
Will    .....                   (boots unavailable)
Stlth   +++.......              (no amulet)
HPRegen 0.17/turn               i - +6 ring of intelligence
MPRegen 0.00/turn               c - ring of protection from cold

@: petrified, flying
A: reduced essence, sickness immunity, fire resistance 2, cold vulnerability 1,
float, innate caster, HP casting, extra vitality 1
a: Renounce Religion, Recall Ancestor, Ancestor Identity, Transference, Idealise


You were on level 8 of the Dungeon.
You worshipped Hepliaklqana.
Hepliaklqana was greatly pleased with you.
You visited 2 branches of the dungeon, and saw 9 of its levels.
You also visited: Ossuary.

You collected 354 gold pieces.

Inventory:

Hand Weapons
 l - the +8 long sword of the New World (weapon) {antimagic, rPois Str+3 Int+2}
   (You found it on level 3 of the Dungeon)

   It reduces the magical energy of the wielder, and disrupts the spells and
   magical abilities of those it strikes.
   Natural abilities and divine invocations are not affected.
   Str:       It affects your strength (+3).
   Int:       It affects your intelligence (+2).
   rPois:     It protects you from poison.
 y - the +12 great sword "Qoinod" {drain, rCorr Str+7}
   (You found it on level 6 of the Dungeon)

   A truly terrible weapon, it drains the life of any living foe it strikes.
   Str:       It affects your strength (+7).
   rCorr:     It protects you from acid and corrosion.
Missiles
 n - a throwing net
Armour
 a - a +0 robe (worn)
Jewellery
 c - a ring of protection from cold (right hand)
 g - a ring of ice
 i - a +6 ring of intelligence (left hand)
 x - a +6 ring of strength
 B - a ring of fire
Wands
 h - a wand of digging (3)
 v - a wand of mindburst (14)
 w - a wand of polymorph (4)
 A - a wand of flame (16)
 C - a wand of iceblast (6)
Scrolls
 d - a scroll of enchant armour {unknown}
 e - 3 scrolls of identify
 j - a scroll of amnesia
 m - 2 scrolls of vulnerability
 o - a scroll of blinking {unknown}
 q - a scroll of magic mapping
 s - a scroll of enchant weapon {unknown}
 u - 2 scrolls of teleportation
 E - a scroll of fear
 F - a scroll of immolation {unknown}
Potions
 b - a potion of ambrosia
 f - 6 potions of curing
 k - a potion of heal wounds
 p - a potion of invisibility
 r - 2 potions of magic {unknown}
 t - a potion of resistance {unknown}
 z - a potion of mutation {unknown}
 D - a potion of lignification {unknown}


   Skills:
 + Level 1.9 Fighting
 + Level 5.0 Dodging
 + Level 5.2 Stealth
 + Level 2.6 Unarmed Combat
 + Level 7.9 Spellcasting


You had one spell level left.
You knew the following spells:

 Your Spells              Type           Power      Damage    Failure   Level
a - Foxfire               Conj/Fire      100%       2x1d9     1%          1
b - Scorch                Fire           100%       2d10      1%          2
c - Conjure Flame         Conj/Fire      55%        6-21      1%          3
d - Inner Flame           Hex/Fire       55%        N/A       1%          3
e - Flame Wave            Conj/Fire      55%        2d11      1%          4
f - Magic Dart            Conj           100%       1d8       1%          1
g - Passwall              Tmut/Erth      45%        N/A       1%          2
h - Wereblood             Tmut           55%        N/A       1%          2
i - Olgreb's Toxic Radia  Pois           55%        N/A       1%          4
Your spell library was empty.

Dungeon Overview and Level Annotations

Branches:
Dungeon (8/15)             Temple (1/1) D:7         Ossuary (visited)
   Lair: D:8-11

Altars:
Ashenzari
Cheibriados
Dithmenos
Fedhas
Gozag
Hepliaklqana
Kikubaaqudgha
Makhleb
Nemelex Xobeh
Okawaru
Qazlal
Sif Muna
Trog
Uskayaw
Vehumet
Wu Jian
Xom
Yredelemnul
Zin


Innate Abilities, Weirdness & Mutations

Your life essence is reduced to manifest your ancestor. (-10% HP)
You are immune to sickness and miasma.
You are immune to poison.
Your flesh is very heat resistant. (rF++)
You are vulnerable to cold. (rC-)
You float through the air rather than walking.
You learn spells naturally, not from books.
Your magical power is your life essence.
You have superior vitality. (+4 MHP)


Message History

The foxfire hits the scorpion.
The scorpion is severely wounded.
Mastah closely misses the scorpion.
Casting: Scorch (safe; 1% risk of failure)
Confirm with . or Enter, or press ? or * to list all spells.
Flames lash the scorpion.
The scorpion is burned terribly!
You kill the scorpion!
A wyvern comes into view.
You swap places.
A basilisk comes into view.
A black bear comes into view.
The basilisk gazes at you.
You are slowing down.
You see here a scorpion corpse.
An iguana comes into view.
Your limbs are stiffening.
You have turned to stone.
The iguana hisses menacingly.
A black bear comes into view.
The wyvern bites you!
Mastah blocks something's attack.
Something claws Mastah but does no damage.
Something claws Mastah.
Mastah barely misses the basilisk.
Mastah blocks the basilisk's attack.
The wyvern bites you!! The wyvern bites you!
Something bites Mastah but does no damage.
Something closely misses Mastah.
Something claws Mastah but does no damage.
Mastah hits the basilisk with a +0 flail.
The basilisk barely misses Mastah.
The wyvern bites you!
Something bites Mastah!
Mastah blocks something's attack.
Something claws Mastah but does no damage.
Mastah barely misses the basilisk.
Mastah blocks the basilisk's attack.
The wyvern bites you!
* * * LOW HITPOINT WARNING * * *
The wyvern bites you!
* * * LOW HITPOINT WARNING * * *
Something closely misses Mastah. x2
Something claws Mastah but does no damage.
Mastah completely misses the basilisk.
The basilisk closely misses Mastah.
The wyvern bites you!!
You die...

#...# #...# .# #
#...#..# # #.
#...#..#.###
#..##...#......
#. .....#.##.###
.##.##...........
.......@.lh...##P
........l#Rl.....
........<†.......
.####..#.#.#.....
#.......P ...
............ P
###.........♣..
....#......P.♣
####.#.#.......


You could see the friendly Mastah the knight, a basilisk (ally target), a black
bear, a wyvern and an iguana.

Vanquished Creatures
  Maggie (D:6)
  2 water moccasins
  2 ice beasts
  An orc warrior (D:7)
  2 ogres
  A phantom (D:5)
  A wyvern zombie (D:7)
  A scorpion (D:8)
  A water moccasin skeleton (D:4)
  A howler monkey (D:7)
  3 hounds
  2 jellies
  An iguana (D:5)
  An orc wizard (D:7)
  A mummy (Ossuary)
  3 gnolls (D:2)
  4 adders
  2 adder skeletons (D:4)
  2 adder zombies (Ossuary)
  2 dart slugs
  4 orcs
  3 bats
  3 endoplasms (D:1)
  9 goblins
  6 hobgoblins
  A quokka (D:5)
  4 ball pythons
  2 frilled lizards (D:1)
  4 goblin zombies (Ossuary)
  3 hobgoblin zombies (Ossuary)
  7 kobolds
  4 kobold zombies (Ossuary)
  2 quokka zombies (Ossuary)
  3 rats
  2 rat zombies (Ossuary)
91 creatures vanquished.

Vanquished Creatures (collateral kills)
  Eustachio (D:4)
  A steam dragon (D:6)
  An ice beast (D:7)
  An ogre (D:5)
  2 scorpions (D:5)
  2 howler monkeys
  A bullfrog zombie (D:6)
  A centaur zombie (D:5)
  A jelly (D:7)
  An iguana (D:6)
  An orc wizard (D:7)
  2 mummies (Ossuary)
  A gnoll (D:5)
  An adder (D:2)
  2 white imps (D:5)
  An adder zombie (Ossuary)
  An adder skeleton (D:4)
  A worm (D:3)
  A giant cockroach (D:3)
  A goblin (D:2)
  2 hobgoblins
  2 kobolds
28 creatures vanquished.

Vanquished Creatures (others)
  A knight (D:5)
  An ancestor (D:2)
  290 foxfires
  3 plants (D:8)
295 creatures vanquished.

Grand Total: 414 creatures vanquished

Notes
Turn   | Place    | Note
-------+----------+-------------------------------------------
     0 | D:1      | Plasmagod the Djinni Fire Elementalist began the quest for
                  | the Orb.
     0 | D:1      | Reached XP level 1. HP: 15/15 MP: 0/0
   355 | D:1      | Reached XP level 2. HP: 20/21 MP: 0/0
  1044 | D:1      | Found a faded altar of an unknown god.
  1052 | D:1      | Prayed at the altar of an unknown god.
  1052 | D:1      | Became a worshipper of Hepliaklqana the Forgotten
  1052 | D:1      | Reached * piety under Hepliaklqana
  1217 | D:2      | Reached XP level 3. HP: 13/22 MP: 0/0
  1217 | D:2      | Learned a level 1 spell: Magic Dart
  1915 | D:2      | Reached skill level 3 in Spellcasting
  1923 | D:2      | Reached XP level 4. HP: 7/27 MP: 0/0
  2479 | D:3      | Reached ** piety under Hepliaklqana
  2561 | D:3      | Reached XP level 5. HP: 24/32 MP: 0/0
  2561 | D:3      | Learned a level 2 spell: Passwall
  2887 | D:3      | Remembered your ancestor Mastah as a knight
  3237 | D:3      | Identified the +8 long sword of the New World {antimagic,
                  | rPois Str+3 Int+2}
  3566 | D:4      | Noticed Eustachio
  3571 | D:4      | Killed Eustachio
  3572 | D:4      | Reached skill level 1 in Fighting
  3572 | D:4      | Reached skill level 1 in Unarmed Combat
  3572 | D:4      | Reached XP level 6. HP: 31/37 MP: 0/0
  3669 | D:4      | Reached skill level 4 in Spellcasting
  4026 | D:4      | Reached XP level 7. HP: 41/42 MP: 0/0
  4026 | D:4      | Learned a level 2 spell: Wereblood
  4116 | D:5      | Entered Level 5 of the Dungeon
  4131 | D:5      | Reached *** piety under Hepliaklqana
  4301 | D:5      | Found a sand-covered staircase.
  4306 | Ossuary  | Entered an ossuary
  4313 | Ossuary  | Reached XP level 8. HP: 11/46 MP: 0/0
  4526 | Ossuary  | Reached skill level 5 in Spellcasting
  5585 | D:6      | Reached skill level 6 in Spellcasting
  5715 | D:6      | Found an iron altar of Okawaru.
  5759 | D:6      | Reached XP level 9. HP: 48/52 MP: 0/0
  5759 | D:6      | Learned a level 4 spell: Olgreb's Toxic Radiance
  5790 | D:6      | Reached **** piety under Hepliaklqana
  5852 | D:6      | Identified the +12 great sword "Qoinod" {drain, rCorr
                  | Str+7}
  5928 | D:6      | Noticed Maggie
  5942 | D:6      | Killed Maggie
  6170 | D:6      | Reached skill level 7 in Spellcasting
  6583 | D:7      | Found a burning altar of Makhleb.
  6981 | D:7      | Found a staircase to the Ecumenical Temple.
  6989 | Temple   | Entered the Ecumenical Temple
  7364 | D:8      | Reached skill level 5 in Dodging
  7364 | D:8      | Reached skill level 5 in Stealth
  7376 | D:8      | Slain by a wyvern

Illustrated notes

Levels and vault maps discovered:
D:1:      minmay_arrival_hallway, layout_loops_ring,
          hellmonk_ecumenical_altar_inner_sanctum, chequers_arboretum
D:2:      layout_loops_ring
D:3:      layout_basic, minmay_goblin_outpost
D:4:      layout_cave_pools, uniq_eustachio
D:5:      minmay_skewed_foursquare, layout_loops_cross,
          nicolae_ossuary_entry_plus
D:6:      layout_cave_pools, kennysheep_little_box, nrook_mini_vaults,
          uniq_maggie
D:7:      layout_loops_corners, mainiacjoe_overflow_concentric_impassable,
          minmay_temple_entry_glassed_door
D:8:      layout_basic, nicolae_ru_sacrificial_ziggurat, tso_metal_star,
          minitemple, minmay_lair_entry_grove, serial_glass, glass_columns_b,
          glass_columns_b, ebering_ghost_rock_garden
Temple:   nicolae_temple_x_marks_the_god

Skill      XL: |  1  2  3  4  5  6  7  8  9 |
---------------+----------------------------+-----
Stealth        | 2 3 4 5 |  5.2
Spellcasting   | 3 4 6 7 |  7.9
Dodging        | 3 4 5 |  5.0
Fighting       | 1 |  1.9
Unarmed Combat | 1 2 |  2.6

Action                   |  1- 3 |  4- 6 |  7- 9 || total
-------------------------+-------+-------+-------++-------
Melee: Unarmed           |    36 |     7 |     7 ||    50
       Punch             |     1 |       |       ||     1
 Cast: Foxfire           |    35 |    45 |   118 ||   198
       Scorch            |     1 |     1 |    19 ||    21
       Conjure Flame     |     1 |       |     2 ||     3
       Magic Dart        |       |     7 |     1 ||     8
       Inner Flame       |       |     2 |       ||     2
       Flame Wave        |       |       |     1 ||     1
Invok: Ancestor Life: Kn |       |     1 |       ||     1
       Ancestor Identity |       |     1 |       ||     1
       Recall Ancestor   |       |       |     1 ||     1
  Use: Potion            |     1 |       |     2 ||     3
       Scroll            |       |     5 |     7 ||    12
 Stab: Sleeping          |     2 |     1 |       ||     3
Armor: Robe              |    15 |       |     1 ||    16
Dodge: Dodged            |    40 |    19 |    16 ||    75
